 Dungeon Crawl Stone Soup version 0.26-a0-466-g989023bd0d (webtiles) character file.

Game seed: 4502835764437912226

133 jt the Cudgeler (level 4, -2/37 HPs)
             Began as a Palentonga Delver on Aug 7, 2020.
             Killed from afar by an orc wizard (7 damage)
             ... with a puff of flame
             ... on level 5 of the Dungeon.
             The game lasted 00:02:42 (734 turns).

jt the Cudgeler (Palentonga Delver)                  Turns: 734, Time: 00:02:43

Health: -2/37      AC:  4    Str: 16    XL:     4   Next: 93%
Magic:  4/4        EV:  9    Int: 11    God:
Gold:   41         SH:  0    Dex: 11    Spells: 3/3 levels left

rFire    . . .     SeeInvis +   a - +0 mace
rCold    . . .     Faith    .   (no shield)
rNeg     . . .     Spirit   .   b - +0 leather armour
rPois    .         Reflect  .   (no helmet)
rElec    .         Harm     .   (no cloak)
rCorr    .                      (no gloves)
MR       .....                  (boots restricted)
Stlth    ++........             (no amulet)
HPRegen  0.12/turn              (no ring)
MPRegen  0.09/turn              (no ring)

@: no status effects
A: large, rugged brown scales 3, see invisible, deformed body, roll, armoured
tail
a: Rolling Charge


You were on level 5 of the Dungeon.
You visited 1 branch of the dungeon, and saw 2 of its levels.

You collected 41 gold pieces.

Inventory:

Hand Weapons
 a - a +0 mace (weapon)
Missiles
 n - 27 stones (quivered)
Armour
 b - a +0 leather armour (worn)
Wands
 g - a wand of digging (3)
 h - a wand of iceblast (2)
 i - a wand of flame (19)
Scrolls
 d - 2 scrolls of magic mapping
 e - a scroll of fear
 m - a scroll of remove curse {unknown}
Potions
 f - a potion of haste
 k - a potion of degeneration {unknown}
 l - a potion of cancellation {unknown}


   Skills:
 - Level 3.0 Fighting
 + Level 3.9 Maces & Flails
 - Level 1.5 Dodging
 - Level 3.3 Stealth
 + Level 2.8 Evocations


You had 3 spell levels left.
You didn't know any spells.
Your spell library was empty.

Dungeon Overview and Level Annotations

Branches:
Dungeon (6/15)
 Temple: D:4-7

Altars:

Annotations:
D:6 1 transporter, Nebesus's ghost, novice PaFi


Innate Abilities, Weirdness & Mutations

You are completely covered in rugged brown scales. (AC +3, +7% HP)
You have supernaturally acute eyesight. (SInv)
Armour fits poorly on your strangely shaped body.
You can roll at foes to attack.
You have a long armoured tail.


Message History

The worker ant is almost dead.
The orc wizard points at you and mumbles some strange words.
The puff of flame hits you!
* * * LOW HITPOINT WARNING * * *
The worker ant closely misses you.
Evoke which item? (* to show all) (? for menu, Esc to quit)
Aiming: Iceblast
Press: ? - help, Shift-Dir - straight line The mass of ice explodes!
The iceblast engulfs the worker ant!
You kill the worker ant!
As you read the scroll of fog, it crumbles to dust.
The scroll dissolves into smoke.
The orc wizard gestures wildly while chanting.
The orc wizard seems to speed up.
There is an open door here.
There is an open door here.
There is an escape hatch in the floor here.
The orc wizard casts a spell at you. The puff of flame hits you!
You die...

#........#...o#....oo...
#........#..>.#.....#...
##.##'#####..o##.##.#...
####...###l..##.#######
#..............#
#..............#
#..............#
#..............+
##..@###...##.##
#...#####+# .#
#......... . #.........#
#.........# #.........#
##'####...##### ###
#....##...##..###...
#....#..............


You could see an iguana and an orc wizard (fast).

Vanquished Creatures
  A bullfrog (D:6)
  An orc priest (D:5)
  A worker ant (D:5)
  An adder (D:5)
  A white imp (D:6)
  An orc (D:5)
  A giant cockroach (D:5)
  A giant cockroach zombie (D:6)
8 creatures vanquished.

Notes
Turn   | Place    | Note
-------+----------+-------------------------------------------
     0 | D:5      | jt the Palentonga Delver began the quest for the Orb.
     0 | D:5      | Reached XP level 1. HP: 19/19 MP: 1/1
   290 | D:6      | Noticed a bullfrog
   291 | D:6      | Noticed an ogre
   294 | D:6      | Noticed Nebesus's ghost (novice PaFi)
   298 | D:6      | Killed a bullfrog
   298 | D:6      | Reached XP level 2. HP: 8/25 MP: 2/2
   298 | D:6      | Reached XP level 3. HP: 9/31 MP: 3/3
   298 | D:6      | Reached XP level 4. HP: 11/37 MP: 4/4
   311 | D:6      | Noticed an ogre
   513 | D:6      | Found a transporter.
   528 | D:6      | Noticed a centaur
   605 | D:5      | Noticed an ice beast
   666 | D:5      | Noticed an ogre
   734 | D:5      | Killed from afar by an orc wizard

Illustrated notes

Levels and vault maps discovered:
D:5:      layout_gridville
D:6:      layout_loops_cross, grunt_dithmenos_shadows, gammafunk_ghost_smash

Skill      XL: |  1 |
---------------+----+-----
Maces & Flails | 3 |  3.9
Evocations     | 2 |  2.8
Fighting       | |  3.0
Dodging        | |  1.5
Stealth        | |  3.3

Action                   |  1- 3 |  4- 6 || total
-------------------------+-------+-------++-------
Melee: Mace              |    12 |    14 ||    26
       Tailslap          |     1 |     1 ||     2
 Abil: Rolling Charge    |     5 |     3 ||     8
Evoke: Wand              |       |     3 ||     3
  Use: Scroll            |       |     1 ||     1
       Potion            |       |     1 ||     1
Armor: Leather armour    |     7 |     9 ||    16
Dodge: Dodged            |     6 |    19 ||    25

Table legend: (Time is in decaauts)
 A = Elapsed time spent in this place.
 B = Non-inter-level travel time spent in this place.
 C = Inter-level travel time spent in this place.
 D = Time resting spent in this place.
 E = Time spent auto-exploring this place.
 F = Levels seen in this place.
 G = Mean time per level.
                   A        B        C        D        E       F      G
               +--------+--------+--------+--------+--------+-----+--------+
         Total |    742 |    732 |     10 |    410 |      0 |   2 |  371.0 |
       Dungeon |    742 |    732 |     10 |    410 |      0 |   2 |  371.0 |
               +--------+--------+--------+--------+--------+-----+--------+

Top non-repeatable levels by time:
     D:6: 585 daAuts
     D:5: 156 daAuts
